 Dungeon Crawl Stone Soup version 0.30-a0-359-gd0147acb1a (webtiles) character file.

Game seed: 13160280748533385924

2461 ragingrage the Fighter (level 9, -7/72 HPs)
             Began as a Djinni Artificer on Nov 11, 2022.
             Was an Initiate of Ashenzari.
             Mangled by a yak (14 damage)
             ... on level 8 of the Dungeon.
             The game lasted 00:10:13 (8404 turns).

ragingrage the Fighter (Djinni Artificer)           Turns: 8404, Time: 00:10:13

Health: -7/72      AC:  5    Str: 11    XL:     9   Next: 79%
Gold:   538        EV: 12    Int: 18    God:    Ashenzari [......] SH:  0 Dex: 13

rFire   + + .      SeeInvis .    r - +4 dagger (venom)
rCold   x . .      Faith    .    (no shield)
rNeg    . . .      Spirit   .    j - +2 robe {Will+}
rPois   ∞          Reflect  .    (no helmet)
rElec   .          Harm     .    m - +0 cloak of Ashenzari's Soothsayer {Evo, Self} (curse)
rCorr   .          Rampage  .    (no gloves)
Will    +....                    (boots unavailable)
Stlth   +.........               (no amulet)
HPRegen 0.32/turn                (no ring)
MPRegen 0.00/turn                (no ring)

@: flying
A: sickness immunity, fire resistance 2, cold vulnerability 1, float, innate
caster, HP casting, extra vitality 1
a: Renounce Religion, Curse Item, Shatter the Chains


You were on level 8 of the Dungeon.
You worshipped Ashenzari.
Ashenzari was noncommittal.
You visited 2 branches of the dungeon, and saw 9 of its levels.

You collected 538 gold pieces.

Inventory:

Hand Weapons
 b - a +2 vampiric battleaxe
 o - a +2 short sword of venom
 r - a +4 dagger of venom (weapon)
Missiles
 u - 7 curare-tipped darts
 B - 7 poisoned darts
 E - 5 javelins
Armour
 j - a +2 robe of willpower (worn)
 m - the cursed +0 cloak of Ashenzari's Soothsayer (worn) {Evo, Self}
   (You found it on level 6 of the Dungeon)

   It has a curse which improves the following skills: Evocations: Evocations.
   Introspection: Fighting and Spellcasting.
 q - a +2 cloak of poison resistance
 y - a +3 leather armour
Magical Staves
 a - a staff of fire
Wands
 c - a wand of flame (29)
 d - a wand of charming (11)
 e - a wand of iceblast (5)
 A - a wand of acid (5)
 D - a wand of paralysis (5)
Scrolls
 i - 3 scrolls of magic mapping
 l - 2 scrolls of blinking
 n - a scroll of amnesia
 p - a scroll of noise
 s - 6 scrolls of teleportation
 t - a scroll of identify
 x - a scroll of fog
 F - a scroll of enchant weapon {unknown}
Potions
 f - a potion of flight
 g - 5 potions of curing
 h - a potion of attraction
 k - 2 potions of mutation
 v - 2 potions of brilliance
 w - 2 potions of heal wounds {unknown}
 z - a potion of lignification {unknown}
 C - 3 potions of degeneration {unknown}


   Skills:
 + Level 8.9(9.3) Fighting
 - Level 1.0 Armour
 - Level 2.2 Dodging
 - Level 0.7 Stealth
 + Level 6.7(7.1) Spellcasting
 - Level 3.0(3.4) Evocations


You had 13 spell levels left.
You knew the following spells:

 Your Spells              Type           Power      Damage    Failure   Level
a - Apportation           Tloc           64%        N/A       1%          1
b - Ensorcelled Hibernat  Hex/Ice        64%        N/A       1%          2
c - Searing Ray           Conj           64%        2d6       1%          2
d - Airstrike             Air            16%        2d(3-19)  5%          4
Your spell library was empty.

Dungeon Overview and Level Annotations

Branches:
Dungeon (8/15)             Temple (1/1) D:5
   Lair: D:8-11

Altars:
Ashenzari
Cheibriados
Elyvilon
Fedhas
Gozag
Hepliaklqana
Makhleb
Okawaru
Qazlal
Ru
Trog
Wu Jian
Xom
Yredelemnul
Zin
The Shining One

Annotations:
D:2 Sigmund
D:5 1 runed translucent door, Crazy Yiuf


Innate Abilities, Weirdness & Mutations

You are immune to sickness and miasma.
You are immune to poison.
Your flesh is very heat resistant. (rF++)
You are vulnerable to cold. (rC-)
You float through the air rather than walking.
You learn spells naturally, not from books.
Your magical power is your life essence.
You have superior vitality. (+4 MHP)


Message History

No target in view!
You now have 538 gold pieces (gained 5).
You see here a staff of air.
Things that are here:
+0 steam dragon scales; a steam dragon skeleton
Things that are here:
a +0 dagger; a +0 robe; an orc skeleton A yak comes into view.
A yak is nearby!
The searing ray hits the yak!
The yak is moderately wounded. (Press . to maintain the ray.)
The searing ray hits the yak.
The yak is moderately wounded.
The searing ray hits the yak.
The yak is heavily wounded.
The yak closely misses you.
The searing ray hits the yak.
The yak is heavily wounded.
You finish channelling your searing ray.
The yak gores you! The yak gores you!
You hit the yak.
The yak is poisoned.
The yak is severely wounded.
The yak gores you.
You are too injured to fight recklessly!
You hit the yak but do no damage.
The yak looks as sick as possible!
The yak is severely wounded.
The yak gores you!
You hit the yak.
The yak looks as sick as possible!
The yak is almost dead.
The yak barely misses you. The yak attacks as you move away! The yak gores you!
* * * LOW HITPOINT WARNING * * *
You closely miss the yak.
The yak is almost dead.
The yak gores you!
* * * LOW HITPOINT WARNING * * *
The yak attacks as you move away! The yak gores you!
You die...

........#.....##.## ###.# ##
>............###..######...### #.
........>)...................###.
..###............)....#####......
.## ##....#..#####.#### #.....##
## #.......## #..## #.....##
#...)).).# ##..[#####......#
#........###.).............#
#.........Y@.....#...#..#..#
#..........#....##..##..##..
##.........#....###..###.###.
..........###......## #.###.## #.
###..........#.....# ##.# ### ##.
###.###...####...# #..# #####..
#=. ##..# ##..# #.## #.##..# #..
#..# ##.# ### #...### #.. #..#
### #...#


You could see a yak (extremely poisoned).

Vanquished Creatures
  A steam dragon (D:8)
  Edmund (D:6)
  A sky beast (D:7)
  2 black bears
  2 ogres
  A centaur (D:4)
  3 phantoms
  2 kobold brigands
  A necrophage (D:5)
  3 bullfrogs (D:7)
  3 scorpions
  A killer bee (D:6)
  2 howler monkeys (D:8)
  6 orc priests
  4 hounds (D:5)
  A jelly (D:6)
  3 iguanas
  6 orc wizards
  6 adders
  4 gnolls
  3 white imps (D:6)
  2 ufetubi
  3 worms
  A dart slug (D:3)
  26 orcs
  6 endoplasms
  4 giant cockroaches
  7 goblins
  9 hobgoblins
  2 jackals (D:1)
  6 kobolds
  4 quokkas
  7 ball pythons
  4 bats
  4 frilled lizards
  5 rats
146 creatures vanquished.

Vanquished Creatures (collateral kills)
  A gnoll (D:1)
  A bat (D:1)
  A quokka (D:1)
  A frilled lizard (D:1)
4 creatures vanquished.

Vanquished Creatures (others)
  An orc (D:8)
  A giant cockroach (D:1)
  A kobold (D:1)
  4 fungi
  5 toadstools (D:6)
12 creatures vanquished.

Grand Total: 162 creatures vanquished

Notes
Turn   | Place    | Note
-------+----------+-------------------------------------------
     0 | D:1      | ragingrage the Djinni Artificer began the quest for the
                  | Orb.
     0 | D:1      | Reached XP level 1. HP: 17/17 MP: 0/0
   183 | D:1      | Reached XP level 2. HP: 22/22 MP: 0/0
   256 | D:1      | HP: 1/22 [frozen (4)]
   564 | D:1      | Reached skill level 2 in Fighting
   564 | D:1      | Reached skill level 1 in Spellcasting
   564 | D:1      | Reached XP level 3. HP: 28/28 MP: 0/0
   564 | D:1      | Learned a level 1 spell: Apportation
  1391 | D:1      | Reached XP level 4. HP: 34/34 MP: 0/0
  1931 | D:2      | Reached skill level 3 in Fighting
  2061 | D:2      | Noticed Sigmund
  2075 | D:3      | Reached XP level 5. HP: 8/40 MP: 0/0
  2075 | D:3      | Learned a level 2 spell: Ensorcelled Hibernation
  2825 | D:3      | Noticed a black bear
  2840 | D:3      | Killed a black bear
  2841 | D:3      | Reached skill level 4 in Fighting
  2841 | D:3      | Reached XP level 6. HP: 21/47 MP: 0/0
  3517 | D:4      | Reached XP level 7. HP: 37/53 MP: 0/0
  3517 | D:4      | Learned a level 2 spell: Searing Ray
  3838 | D:4      | Reached skill level 5 in Fighting
  4361 | D:4      | Found a blossoming altar of Fedhas.
  4470 | D:5      | Entered Level 5 of the Dungeon
  4501 | D:5      | Reached XP level 8. HP: 46/61 MP: 0/0
  4576 | D:5      | Reached skill level 6 in Fighting
  4838 | D:5      | Found a staircase to the Ecumenical Temple.
  5071 | Temple   | Entered the Ecumenical Temple
  5142 | Temple   | Became a worshipper of Ashenzari the Shackled
  5452 | D:5      | Reached skill level 5 in Spellcasting
  5689 | D:5      | Found a hazy altar of Hepliaklqana.
  5831 | D:5      | Found a runed translucent door.
  5832 | D:5      | Noticed Crazy Yiuf
  6039 | D:6      | Reached skill level 7 in Fighting
  6237 | D:6      | Noticed Edmund
  6465 | D:6      | Killed Edmund
  6466 | D:6      | Reached XP level 9. HP: 64/68 MP: 0/0
  6466 | D:6      | Learned a level 4 spell: Airstrike
  6885 | D:6      | Found a basalt altar of Yredelemnul.
  6889 | D:6      | Found a bloodstained altar of Trog.
  6963 | D:6      | Found a stormy altar of Qazlal.
  7056 | D:7      | Reached skill level 8 in Fighting
  8404 | D:8      | Mangled by a yak

Illustrated notes

Levels and vault maps discovered:
D:1:      dpeg_arrival_tiny_c, layout_loops_ring, minmay_cut_off
D:2:      layout_rooms, minmay_pentomino_u2, uniq_sigmund
D:3:      layout_basic, serial_bayou_pond_c, interstate_on_off
D:4:      cheibrodos_helix_gallery, layout_basic, marbit_many_paths
D:5:      layout_basic, kennysheep_mini, minmay_temple_entry_waves,
          uniq_crazy_yiuf_cottage
D:6:      layout_rooms, grunt_temple_overflow_open, minmay_gold_behind_fungi,
          uniq_edmund
D:7:      layout_rooms, st_stairs_4, minmay_between
D:8:      layout_layer_cave
Temple:   nicolae_temple_bog_church

Skill      XL: |  1  2  3  4  5  6  7  8  9 |
---------------+----------------------------+-----
Fighting       | 2 3 4 5 7 8 |  8.9
Spellcasting   | 1 2 3 4 5 6 |  6.7
Armour         | |  1.0
Dodging        | |  2.2
Stealth        | |  0.7
Evocations     | |  3.0

Action                   |  1- 3 |  4- 6 |  7- 9 || total
-------------------------+-------+-------+-------++-------
Melee: Club              |   126 |       |       ||   126
       Falchion          |    18 |     2 |       ||    20
       Punch             |     2 |     2 |     1 ||     5
       Short sword       |       |   131 |    63 ||   194
       Dagger            |       |       |    56 ||    56
Throw: Dart              |       |       |     4 ||     4
 Cast: Ensorcelled Hiber |       |     9 |       ||     9
       Searing Ray       |       |       |    56 ||    56
       Airstrike         |       |       |     7 ||     7
Invok: Curse Item        |       |       |     1 ||     1
Evoke: Wand              |     7 |       |     1 ||     8
  Use: Potion            |       |     1 |       ||     1
       Scroll            |       |       |    13 ||    13
 Stab: Sleeping          |     1 |     4 |       ||     5
Armor: Leather armour    |    42 |    33 |    25 ||   100
       Robe              |       |       |    10 ||    10
Dodge: Dodged            |   123 |    72 |   121 ||   316

Table legend: (Time is in decaauts)
 A = Elapsed time spent in this place.
 B = Non-inter-level travel time spent in this place.
 C = Inter-level travel time spent in this place.
 D = Time resting spent in this place.
 E = Time spent auto-exploring this place.
 F = Levels seen in this place.
 G = Mean time per level.
                   A        B        C        D        E       F      G
               +--------+--------+--------+--------+--------+-----+--------+
         Total |   8462 |   8043 |    419 |   2163 |   4118 |   9 |  940.2 |
       Dungeon |   8374 |   7983 |    391 |   2163 |   4068 |   8 | 1046.8 |
        Temple |     88 |     61 |     27 |      0 |     50 |   1 |   88.0 |
               +--------+--------+--------+--------+--------+-----+--------+

Top non-repeatable levels by time:
     D:3: 1295 daAuts
     D:6: 1275 daAuts
     D:5: 1244 daAuts
     D:1: 1234 daAuts
     D:4: 1197 daAuts
     D:2: 886 daAuts
     D:7: 858 daAuts
     D:8: 380 daAuts
  Temple: 88 daAuts
